 Dungeon Crawl Stone Soup version 0.23-b1-6-ga921848 (webtiles) character file.

Game seed: 15720411145190750610

261 kaze the Chopper (level 6, -8/53 HPs)
             Began as a Hill Orc Fighter on Feb 1, 2019.
             Mangled by a gnoll
             ... wielding a +0 spear
              (9 damage)
             ... on level 3 of the Dungeon.
             The game lasted 00:03:21 (1167 turns).

kaze the Chopper (Hill Orc Fighter)                 Turns: 1167, Time: 00:03:21

Health: -8/53      AC:  7    Str: 21    XL:     6   Next: 18%
Magic:  6/6        EV:  8    Int:  8    God:
Gold:   132        SH:  9    Dex: 10    Spells: 5/5 levels left

rFire    . . .     SeeInvis .   a - +0 war axe
rCold    . . .     Gourm    .   c - +0 shield
rNeg     . . .     Faith    .   b - +0 scale mail
rPois    .         Spirit   .   (no helmet)
rElec    .         Reflect  .   (no cloak)
rCorr    .         Harm     .   (no gloves)
MR       .....                  (no boots)
Stlth    ..........             (no amulet)
HPRegen  0.17/turn              (no ring)
MPRegen  0.10/turn              (no ring)

@: lethally poisoned (-8 -> -15)
A: no striking features
a: no special abilities


You were on level 3 of the Dungeon.
You were not hungry.

You visited 1 branch of the dungeon, and saw 3 of its levels.

You collected 132 gold pieces.

Inventory:

Hand Weapons
 a - a +0 war axe (weapon)
Armour
 b - a +0 scale mail (worn)
 c - a +0 shield (worn)
Jewellery
 e - an uncursed ring of magical power
Scrolls
 p - a scroll of teleportation
Potions
 g - a potion of flight
 i - 2 potions of heal wounds {unknown}
 j - 2 potions of curing {unknown}
 k - a potion of brilliance {unknown}
 l - a potion of lignification {unknown}
 m - a potion of haste {unknown}
 q - 3 potions of mutation {unknown}
Comestibles
 f - 6 rations


   Skills:
 + Level 4.5 Fighting
 + Level 5.4 Axes
 + Level 4.2 Armour
 + Level 0.9 Dodging
 + Level 4.6 Shields


You had 5 spell levels left.
You didn't know any spells.
Your spell library was empty.

Dungeon Overview and Level Annotations

Branches:
Dungeon (3/15)

Altars:
Cheibriados
Dithmenos
Zin

Shops:
D:2 *

Annotations:
D:3 Robin


Message History

You block Robin's attack. You block the goblin's attack.
You completely miss Robin.
Robin is lightly wounded.
You closely miss the goblin.
* * * LOW HITPOINT WARNING * * *
You feel sick.
The gnoll hits you from afar with a +0 spear.
* * * LOW HITPOINT WARNING * * *
You block Robin's attack. The goblin hits you with a +0 dagger.
* * * LOW HITPOINT WARNING * * *
The gnoll hits you but does no damage.
Unknown command.
You closely miss Robin.
Robin is lightly wounded.
You barely miss the goblin.
* * * LOW HITPOINT WARNING * * *
You feel sick. You block Robin's attack.
The goblin hits you but does no damage.
The gnoll hits you from afar with a +0 spear!
You die...

######### ...
##.......# ######...
#........####.......
#........#........##.
#.........##........
#.....<.####........
#.......####g....#
#.........##@#
##.#.####.##g# #.#.
#..gS# # ## #...g..#
....##......#
#......#.....##
#.####.....#.# ..
...###.# . #..# .


You could see Robin, 2 gnolls, an adder and a goblin.

Vanquished Creatures
  Sigmund (D:2)
  A centaur skeleton (D:3)
  An adder (D:3)
  An ooze (D:1)
  2 worms (D:2)
  5 leopard geckos
  8 orcs
  2 ball pythons (D:2)
  11 bats
  A giant cockroach (D:1)
  10 goblins
  8 hobgoblins
  2 frilled lizards (D:1)
  2 kobolds
  2 rats (D:2)
57 creatures vanquished.

Notes
Turn   | Place    | Note
-------+----------+-------------------------------------------
     0 | D:1      | kaze the Hill Orc Fighter began the quest for the Orb.
     0 | D:1      | Reached XP level 1. HP: 19/19 MP: 1/1
   143 | D:1      | Reached XP level 2. HP: 24/27 MP: 2/2
   181 | D:1      | Reached skill level 3 in Axes
   346 | D:1      | Found a snail-covered altar of Cheibriados.
   362 | D:1      | Reached XP level 3. HP: 27/33 MP: 3/3
   499 | D:2      | Found a shadowy altar of Dithmenos.
   546 | D:2      | Noticed Sigmund
   562 | D:2      | Killed Sigmund
   562 | D:2      | Reached skill level 4 in Axes
   562 | D:2      | Reached XP level 4. HP: 19/41 MP: 4/4
   562 | D:2      | Reached XP level 5. HP: 22/47 MP: 5/5
   713 | D:2      | Reached skill level 5 in Axes
   919 | D:2      | Found Zin's Purification Station.
   919 | D:2      | Found a glowing silver altar of Zin.
  1127 | D:3      | Reached XP level 6. HP: 53/53 MP: 6/6
  1139 | D:3      | Noticed Robin
  1166 | D:3      | HP: 2/53 [goblin/+0 dagger[Robin] (2)]
  1167 | D:3      | Mangled by a gnoll

Skill      XL: |  1  2  3  4  5 |
---------------+----------------+-----
Axes           | 3 4 5 |  5.4
Fighting       | 4 |  4.5
Armour         | 4 |  4.2
Shields        | 4 |  4.6
Dodging        | |  0.9

Action                   |  1- 3 |  4- 6 || total
-------------------------+-------+-------++-------
Melee: War axe           |    81 |    80 ||   161
  Use: Potion            |     1 |       ||     1
       Scroll            |       |     5 ||     5
  Eat: Chunk             |       |     1 ||     1
Armor: Scale mail        |    52 |    34 ||    86
Dodge: Dodged            |    25 |    31 ||    56
Block: Shield            |    48 |    46 ||    94
